 Dungeon Crawl Stone Soup version 0.23.2-1-ga50397a6bc (console) character file.

Game seed: 5019767531317761577

69232 Dragon00 the Severer (level 14, 0/138 HPs)
             Began as a Minotaur Berserker on May 10, 2019.
             Was the Champion of Trog.
             Drowned by a drowned soul (16 damage)
             ... summoned by a merfolk avatar
             ... on level 6 of the Lair of Beasts on May 13, 2019.
             The game lasted 05:53:53 (21279 turns).

Dragon00 the Severer (Minotaur Berserker)          Turns: 21279, Time: 05:53:53

Health: 0/138      AC: 25    Str: 27    XL:     14   Next: 89%
Magic:  4/4        EV: 13    Int:  4    God:    Trog [******]
Gold:   2141       SH:  0    Dex: 10    Spells: 13/13 levels left

rFire    + . .     SeeInvis .   a - +6 executioner's axe (antimagic)
rCold    + + .     Gourm    .   (shield currently unavailable)
rNeg     . . .     Faith    .   Z - +0 gold dragon scales
rPois    +         Spirit   .   (helmet restricted)
rElec    +         Reflect  .   (no cloak)
rCorr    .         Harm     .   y - +1 pair of gloves "Vihifraf" {+Fly rElec}
MR       +....                  T - +1 pair of boots
Stlth    ..........             g - amulet of regeneration
HPRegen  0.73/turn              A - ring of protection from cold
MPRegen  0.09/turn              z - +3 ring of evasion

@: lethally poisoned (0 -> -1), barbed spikes, mesmerised, very slow
A: retaliatory headbutt, horns 2, mutation resistance 1, shaggy fur 1, no potion
heal 1
a: Berserk, Trog's Hand, Brothers in Arms, Renounce Religion, Evoke Flight


You were on level 6 of the Lair of Beasts.
You worshipped Trog.
Trog was exalted by your worship.
You were hungry.

You visited 4 branches of the dungeon, and saw 21 of its levels.

You collected 2141 gold pieces.

Inventory:

Hand Weapons
 a - a +6 antimagic executioner's axe (weapon)
 b - a +2 hunting sling of flaming
 G - a +0 morningstar of protection
Missiles
 i - 456 stones
 s - 11 javelins of penetration
 u - 5 throwing nets
 B - 31 sling bullets (quivered)
 E - 5 steel tomahawks
Armour
 v - a +1 pair of gloves
 y - the +1 pair of gloves "Vihifraf" (worn) {+Fly rElec}
   (You found it on level 12 of the Dungeon)

   It insulates you from electricity.
   It lets you fly.
 T - a +1 pair of boots (worn)
 Z - +0 gold dragon scales (worn)
Jewellery
 e - an uncursed ring of poison resistance
 g - an amulet of regeneration (around neck)
 m - an uncursed ring of resist corrosion
 n - an uncursed ring of protection from fire
 q - an uncursed amulet of faith
 t - an uncursed amulet of magic regeneration
 w - an uncursed ring of ice
 z - a +3 ring of evasion (right hand)
 A - a ring of protection from cold (left hand)
Wands
 l - a wand of polymorph (8)
 C - a wand of disintegration (2)
 D - a wand of clouds (5)
 F - a wand of enslavement (11)
 I - a wand of random effects (40)
 P - a wand of digging (13)
 S - a wand of iceblast (10)
Scrolls
 f - 3 scrolls of blinking
 h - 10 scrolls of remove curse
 j - 7 scrolls of teleportation
 o - 2 scrolls of fear
 J - a scroll of vulnerability
 K - 5 scrolls of fog
 M - a scroll of magic mapping
 N - 2 scrolls of amnesia
 O - 4 scrolls of identify
 W - a scroll of immolation
Potions
 d - a potion of heal wounds
 r - 3 potions of lignification
 x - a potion of brilliance
 H - 5 potions of curing
 L - a potion of mutation
 Q - a potion of flight
 R - a potion of degeneration
 X - a potion of haste
 Y - 2 potions of might
Miscellaneous
 p - a fan of gales
Comestibles
 c - 28 rations
 k - 20 chunks of flesh


   Skills:
 * Level 16.8 Fighting
 * Level 17.0 Axes
 - Level 2.3(2.9) Slings
 - Level 2.1(2.6) Throwing
 + Level 13.1 Armour
 + Level 12.1 Dodging
   Level 6.5 Shields


You had 13 spell levels left.
You didn't know any spells.
Your spell library was empty.

Dungeon Overview and Level Annotations

Branches:
Dungeon (12/15)            Temple (1/1) D:5            Lair (6/6) D:11
  Swamp (0/4) Lair:3        Snake (0/4) Lair:2          Orc (2/2) D:10
    Elf (0/3) Orc:2
  Slime: Lair:5-6

Altars:
Ashenzari
Cheibriados
Dithmenos
Elyvilon
Fedhas
Gozag
Hepliaklqana
Kikubaaqudgha
Makhleb
Nemelex Xobeh
Okawaru
Qazlal
Ru
Sif Muna
Trog
Uskayaw
Vehumet
Wu Jian
Xom
Yredelemnul
Zin
The Shining One

Shops:
D:4 :   D:8 *   Orc:1 =*


Innate Abilities, Weirdness & Mutations

You reflexively headbutt those who attack you in melee.
You have a pair of horns on your head.
You are somewhat resistant to further mutation.
You are covered in fur. (AC +1)
Potions are less effective at restoring your health.


Message History

The merfolk avatar chants its luring song.
The drowned soul touches you. The drowned soul drowns you!
* * * LOW HITPOINT WARNING * * *
The manticore flicks its tail.
The volley of spikes hits you but does no damage.
Press: ? - help, v - describe, . - travel, g - get item 21 gold pieces.
Some shallow water.
The barbs in your skin will harm you if you move.
Continue?
Uppercase [Y]es or [N]o only, please.
The barbs in your skin will harm you if you move.
Continue?
The barbed spikes dig painfully into your body as you move.
* * * LOW HITPOINT WARNING * * *
You feel sick.
The merfolk avatar chants its luring song.
The manticore flicks its tail.
The volley of spikes hits you but does no damage.
The merfolk avatar chants its luring song.
The drowned soul touches you. The drowned soul drowns you!
You die...

......≈##≈P# #≈≈
......P≈≈≈≈# ≈≈≈≈
......≈P≈≈≈#####.#######
.......##≈≈#≈≈≈≈≈≈≈≈≈≈≈.
......≈##≈≈#≈≈≈≈≈≈≈≈≈≈≈≈
......≈≈≈≈P#≈≈≈≈≈≈≈≈P≈≈≈
.......≈≈≈≈#≈≈≈≈?$$)≈≈≈≈
......≈##≈P†≈≈#≈$≈≈=≈≈≈≈
......≈#.≈#.≈≈≈≈@m≈/≈≈≈≈
......≈≈≈≈≈.≈#≈≈[(%(≈≈≈≈
......≈≈≈≈≈#≈≈≈≈≈≈≈≈≈≈≈≈
......≈##≈≈#P≈C≈≈≈≈≈≈≈P≈
......≈ #≈≈#≈≈≈H≈≈≈≈≈≈≈8
......≈ ≈≈≈#####≈≈≈≈####
≈≈≈≈ ≈≈≈≈≈≈≈ ≈##≈≈
≈≈8≈≈≈≈


You could see a merfolk avatar, a manticore and a friendly cyclops (berserk).

Vanquished Creatures
  2 entropy weavers (Lair:6)
  A dire elephant (Lair:6)
  Snorg (D:11)
  Josephine (Orc:2)
  Harold (D:8)
  5 hydras
  A centaur warrior (D:9)
  8 two-headed ogres
  An ogre mage (Orc:1)
  A queen ant (Lair:6)
  Urug (Lair:3)
  An orc high priest (Orc:2)
  An unseen horror (D:11)
  2 orc knights (Orc:2)
  2 orc sorcerers (Orc:1)
  A manticore (shapeshifter) (D:9)
  4 cyclopes
  2 ugly things (D:11)
  2 manticores
  A centaur zombie (D:11)
  18 elephants
  Joseph (D:7)
  3 black mambas
  The ghost of Banto the Ducker, a novice DgWn (D:5)
  12 spiny frogs
  2 centaur skeletons (D:11)
  4 rime drakes
  2 gargoyles
  11 komodo dragons
  4 trolls
  6 polar bears
  4 hornets
  Grinder (D:6)
  16 blink frogs
  3 hippogriffs
  A meliai zombie (D:12)
  7 wyverns
  5 wraiths
  36 yaks
  4 basilisks
  A steam dragon (D:11)
  3 vampire mosquitoes
  4 wargs
  An acid dragon (D:11)
  17 soldier ants
  10 water moccasins
  9 porcupines
  An eye of draining (D:7)
  19 orc warriors
  A sky beast (D:6)
  2 black bears
  3 necrophages
  5 ice beasts
  3 ogres
  3 centaurs
  14 wolves
  9 crocodiles
  Blork the orc (D:6)
  2 big kobolds
  10 bullfrogs
  5 scorpions
  2 howler monkeys
  7 crimson imps
  A bullfrog zombie (D:5)
  A quasit (D:5)
  6 hounds
  2 jellies
  21 orc priests
  30 orc wizards
  6 iguanas
  Terence (D:2)
  32 worker ants
  A killer bee zombie (D:7)
  A hound zombie (D:6)
  3 hound skeletons
  8 gnolls
  12 adders
  4 shadow imps
  An ooze (D:1)
  An adder skeleton (D:10)
  6 worms
  2 dart slugs
  7 leopard geckos
  80 orcs
  A ball python (D:7)
  11 bats
  8 giant cockroaches
  4 goblins
  7 hobgoblins
  4 jackals (D:1)
  3 quokkas
  2 frilled lizards
  23 kobolds
  4 rats
  6 fungi
  2 plants
613 creatures vanquished.

Vanquished Creatures (collateral kills)
  A hydra (Lair:3)
  A catoblepas (Lair:3)
  3 two-headed ogres (Orc:1)
  An ogre (Orc:1)
6 creatures vanquished.

Vanquished Creatures (others)
  7 fungi
  16 plants
23 creatures vanquished.

Grand Total: 642 creatures vanquished

Notes
Turn   | Place    | Note
-------+----------+-------------------------------------------
     0 | D:1      | Dragon00 the Minotaur Berserker began the quest for the
                  | Orb.
     0 | D:1      | Reached XP level 1. HP: 19/19 MP: 0/0
   104 | D:1      | Reached XP level 2. HP: 27/27 MP: 1/1
   319 | D:1      | Reached skill level 4 in Axes
   579 | D:1      | Found a white marble altar of Elyvilon.
   759 | D:2      | Reached XP level 3. HP: 12/33 MP: 2/2
   830 | D:2      | Noticed Terence
   839 | D:2      | Found a shimmering altar of Xom.
   840 | D:2      | Killed Terence
   995 | D:2      | Reached ** piety under Trog
  1203 | D:2      | Reached XP level 4. HP: 40/41 MP: 3/3
  1362 | D:2      | Found an opulent altar of Gozag.
  2456 | D:3      | Reached XP level 5. HP: 45/47 MP: 4/4
  3246 | D:4      | Reached skill level 5 in Axes
  3271 | D:4      | Reached skill level 5 in Fighting
  3348 | D:4      | Found Icidoin's Book Boutique.
  3422 | D:4      | Reached *** piety under Trog
  3447 | D:4      | Reached XP level 6. HP: 56/56 MP: 5/5
  3518 | D:4      | Found a burning altar of Makhleb.
  3751 | D:4      | Found a hazy altar of Hepliaklqana.
  3754 | D:4      | Found a radiant altar of Vehumet.
  3885 | D:5      | Entered Level 5 of the Dungeon
  3927 | D:5      | Found a staircase to the Ecumenical Temple.
  3933 | Temple   | Entered the Ecumenical Temple
  4043 | D:5      | Noticed an ice beast
  4057 | D:5      | Killed an ice beast
  4142 | D:5      | Found an ornate altar of the Wu Jian Council.
  4162 | D:5      | Reached skill level 5 in Armour
  4162 | D:5      | Reached XP level 7. HP: 60/62 MP: 6/6
  4384 | D:5      | Found a stormy altar of Qazlal.
  4454 | D:5      | Reached skill level 6 in Axes
  4495 | D:5      | Reached skill level 5 in Dodging
  4720 | D:5      | Found a runed translucent gate.
  4720 | D:5      | Found a runed translucent gate.
  4720 | D:5      | Noticed Banto's ghost (novice DgWn)
  4721 | D:5      | Found a runed translucent gate.
  4748 | D:5      | Killed Banto's ghost
  4748 | D:5      | Reached XP level 8. HP: 47/71 MP: 0/7
  4755 | D:5      | Paralysed by a big kobold for 5 turns
  4915 | D:5      | Reached skill level 7 in Axes
  5012 | D:5      | Reached **** piety under Trog
  5235 | D:6      | Found a hide-covered altar of Uskayaw.
  5235 | D:6      | Noticed a +0 dagger
  5235 | D:6      | Noticed a +0 dagger
  5267 | D:6      | Noticed Grinder
  5288 | D:6      | Killed Grinder
  5288 | D:6      | Reached skill level 8 in Axes
  5476 | D:6      | Noticed Blork the orc
  5483 | D:6      | Killed Blork the orc
  5483 | D:6      | Reached XP level 9. HP: 73/81 MP: 8/8
  5527 | D:6      | Received a gift from Trog
  6150 | D:7      | Noticed a troll
  6162 | D:7      | Killed a troll
  6162 | D:7      | Reached skill level 9 in Axes
  6659 | D:7      | Found a glowing silver altar of Zin.
  7031 | D:7      | Reached skill level 1 in Shields
  7045 | D:7      | Reached ***** piety under Trog
  7230 | D:7      | Noticed Joseph
  7248 | D:7      | Killed Joseph
  7401 | D:8      | Noticed Harold
  7415 | D:8      | Killed Harold
  7415 | D:8      | Reached skill level 10 in Axes
  7415 | D:8      | Reached XP level 10. HP: 54/92 MP: 9/9
  7822 | D:8      | Found Riec Bofia's General Store.
  8011 | D:8      | Found a stormy altar of Qazlal.
  8124 | D:8      | Found a bloodstained altar of Trog.
  8394 | D:9      | Noticed a two-headed ogre
  8404 | D:9      | Killed a two-headed ogre
  8603 | D:9      | Reached skill level 10 in Fighting
  8603 | D:9      | Reached skill level 5 in Shields
  8787 | D:9      | Noticed a cyclops
  8814 | D:9      | Killed a cyclops
  8814 | D:9      | Reached skill level 1 in Slings
  8817 | D:9      | Reached skill level 1 in Throwing
  8841 | D:9      | Noticed a fire crab
  8841 | D:9      | Noticed a centaur warrior
  8847 | D:9      | a fire crab changed into a jumping spider
  8850 | D:9      | Noticed a manticore
  8850 | D:9      | a jumping spider changed into a manticore
  8856 | D:9      | Killed a centaur warrior
  8865 | D:9      | Killed a manticore
  8865 | D:9      | Reached skill level 11 in Axes
  9263 | D:9      | Found a shattered altar of Ashenzari.
  9637 | D:10     | Entered Level 10 of the Dungeon
  9804 | D:10     | Reached XP level 11. HP: 94/101 MP: 10/10
  9945 | D:10     | Found a staircase to the Orcish Mines.
 10317 | D:10     | Received a gift from Trog
 10452 | Orc:1    | Entered Level 1 of the Orcish Mines
 10548 | Orc:1    | Noticed an orc sorcerer
 10560 | Orc:1    | Killed an orc sorcerer
 10610 | Orc:1    | Found Masole's Mayhem Merchandise.
 10626 | Orc:1    | Noticed a two-headed ogre
 10635 | Orc:1    | Killed a two-headed ogre
 10930 | Orc:1    | Found Quastro's Jewellery Shoppe.
 10936 | Orc:1    | Noticed an orc sorcerer
 10944 | Orc:1    | Paralysed by an orc sorcerer for 3 turns
 10951 | Orc:1    | Killed an orc sorcerer
 11098 | Orc:1    | Noticed a two-headed ogre
 11098 | Orc:1    | Noticed a two-headed ogre
 11099 | Orc:1    | Noticed an ogre mage
 11103 | Orc:1    | Noticed a two-headed ogre
 11104 | Orc:1    | Killed a two-headed ogre
 11105 | Orc:1    | Noticed a two-headed ogre
 11114 | Orc:1    | Killed a two-headed ogre
 11114 | Orc:1    | Reached skill level 12 in Axes
 11116 | Orc:1    | HP: 2/102 [ogre mage/crystal spear (25)]
 11117 | Orc:1    | Killed a two-headed ogre
 11121 | Orc:1    | Killed a two-headed ogre
 11125 | Orc:2    | Entered Level 2 of the Orcish Mines
 11125 | Orc:2    | Found a burning altar of Makhleb.
 11211 | Orc:1    | Killed an ogre mage
 11719 | Orc:2    | Found a staircase to the Elven Halls.
 11732 | Orc:2    | Noticed a two-headed ogre
 11739 | Orc:2    | Killed a two-headed ogre
 11739 | Orc:2    | Reached skill level 10 in Armour
 12114 | Orc:2    | Noticed Josephine
 12120 | Orc:2    | Reached XP level 12. HP: 112/112 MP: 11/11
 12123 | Orc:2    | Killed Josephine
 12131 | Orc:2    | Received a gift from Trog
 12136 | Orc:2    | Noticed an orc high priest
 12145 | Orc:2    | Killed an orc high priest
 12145 | Orc:2    | Reached skill level 13 in Axes
 12476 | Orc:2    | HP: 4/113 [orc knight/bolt (3)]
 12692 | Orc:2    | Noticed an orc high priest
 13268 | D:11     | Found a staircase to the Lair.
 13310 | D:11     | Noticed Snorg
 13323 | D:11     | Killed Snorg
 13323 | D:11     | Reached skill level 10 in Dodging
 13497 | D:11     | Reached skill level 14 in Axes
 13499 | D:11     | Noticed a two-headed ogre
 13518 | D:11     | Killed a two-headed ogre
 13682 | D:11     | Noticed a two-headed ogre
 13694 | D:11     | Killed a two-headed ogre
 13745 | D:11     | Reached XP level 13. HP: 93/124 MP: 12/12
 13794 | D:11     | Reached ****** piety under Trog
 13933 | D:11     | Gained mutation: Potions are less effective at restoring
                  | your health. [potion of mutation]
 13933 | D:11     | Gained mutation: You are covered in fur. (AC +1) [potion of
                  | mutation]
 13933 | D:11     | Gained mutation: You are somewhat resistant to further
                  | mutation. [potion of mutation]
 14366 | D:10     | You fall through a shaft!
 14488 | D:12     | Got a pair of encrusted gloves
 14499 | D:12     | Identified the +1 pair of gloves "Vihifraf" {+Fly rElec}
                  | (You found it on level 12 of the Dungeon)
 14701 | D:11     | Received a gift from Trog
 15370 | Lair:1   | Entered Level 1 of the Lair of Beasts
 16398 | Lair:2   | Found a staircase to the Snake Pit.
 16483 | Lair:2   | Received a gift from Trog
 16483 | Lair:2   | Reached skill level 15 in Axes
 17012 | Lair:3   | Noticed Urug
 17030 | Lair:3   | Killed Urug
 17030 | Lair:3   | Reached skill level 15 in Fighting
 17374 | Lair:3   | Found an ornate altar of the Wu Jian Council.
 17658 | Lair:3   | Found a staircase to the Swamp.
 18314 | Lair:3   | Received a gift from Trog
 18835 | Lair:4   | Reached XP level 14. HP: 122/135 MP: 4/13
 19691 | Lair:5   | Reached skill level 16 in Axes
 20041 | Lair:5   | Received a gift from Trog
 20363 | Lair:6   | Entered Level 6 of the Lair of Beasts
 20503 | Lair:6   | Noticed an entropy weaver
 20518 | Lair:6   | Killed an entropy weaver
 20989 | Lair:6   | Noticed an entropy weaver
 21004 | Lair:6   | Killed an entropy weaver
 21172 | Lair:6   | Reached skill level 17 in Axes
 21279 | Lair:6   | Drowned by a drowned soul

Skill      XL: |  1  2  3  4  5  6  7  8  9 10 11 12 13 14 |
---------------+-------------------------------------------+-----
Fighting       | 4 5 6 8 9 10 12 14 15 16 | 16.8
Axes           | 4 5 6 8 10 11 12 14 15 17 | 17.0
Armour         | 3 4 5 6 7 8 9 10 11 12 13 | 13.1
Dodging        | 3 4 5 6 7 8 9 10 11 12 | 12.1
Shields        | 3 6 |  6.5
Slings         | 2 |  2.3
Throwing       | 1 2 |  2.1

Action                   |  1- 3 |  4- 6 |  7- 9 | 10-12 | 13-15 || total
-------------------------+-------+-------+-------+-------+-------++-------
Melee: Hand axe          |    62 |   177 |    77 |       |       ||   316
       Headbutt          |    11 |    29 |    60 |    60 |    95 ||   255
       War axe           |       |       |   257 |   132 |       ||   389
       Battleaxe         |       |       |       |   231 |   138 ||   369
       Executioner's axe |       |       |       |       |   345 ||   345
       Morningstar       |       |       |       |       |    29 ||    29
 Fire: Hunting sling     |       |       |       |   242 |   195 ||   437
Throw: Stone             |    37 |   140 |   179 |       |       ||   356
Invok: Berserk           |       |       |       |     6 |     2 ||     8
       Trog's Hand       |       |       |       |     2 |       ||     2
       Brothers in Arms  |       |       |       |     1 |     2 ||     3
  Use: Scroll            |     2 |     9 |    11 |     8 |    10 ||    40
       Potion            |     2 |     1 |     3 |     2 |     8 ||    16
 Stab: Invisible         |       |       |       |       |     1 ||     1
  Eat: Chunk             |     1 |     9 |     8 |    16 |    13 ||    47
       Ration            |       |       |     1 |     3 |     4 ||     8
Armor: Animal skin       |    12 |     5 |       |       |       ||    17
       Ring mail         |       |    16 |       |       |       ||    16
       Chain mail        |       |    20 |   143 |       |       ||   163
       Plate armour      |       |       |    12 |   208 |   253 ||   473
       Gold dragon scale |       |       |       |       |   205 ||   205
Dodge: Dodged            |    45 |    84 |   135 |   189 |   505 ||   958
Block: Buckler           |       |       |    11 |    18 |       ||    29
